 Dungeon Crawl Stone Soup version 0.20.1-1-g8b1a95d (webtiles) character file.

43 mutilus the Magician (level 3, -1/24 HPs)
             Began as a Mummy Wizard on July 7, 2017.
             Slain by a hobgoblin (2 damage)
             ... led by Robin
             ... on level 3 of the Dungeon.
             The game lasted 00:04:33 (1888 turns).

mutilus the Magician (Mummy Wizard)                 Turns: 1888, Time: 00:04:34

Health: -1/24      AC:  2    Str: 10    XL:     3   Next: 37%
Magic:  0/8        EV: 12    Int: 18    God:
Gold:   93         SH:  0    Dex: 10    Spells: 3/10 levels left

rFire    x . .     SeeInvis .   h - +0 club
rCold    + . .     Gourm    .   (no shield)
rNeg     + + +     Faith    .   a - +0 robe
rPois    ∞         Spirit   .   b - +0 hat
rElec    .         Reflect  .   (no cloak)
rCorr    .         Harm     .   (no gloves)
MR       .....                  (no boots)
Stlth    ++........             (no amulet)
Regen    0.1/turn               (no ring)
MPRegen  0.2/turn               (no ring)

@: very slightly contaminated
A: no food or potions, fire vulnerability, cold resistance 1, negative energy
resistance 3, torment resistance, unbreathing
a: no special abilities


You were on level 3 of the Dungeon.
You were not hungry.

You visited 1 branch of the dungeon, and saw 3 of its levels.

You collected 93 gold pieces.

Inventory:

Hand Weapons
 g - a +0 whip
 h - a +0 club (weapon)
Missiles
 e - 26 stones (quivered)
 f - 21 sling bullets
Armour
 a - a +0 robe (worn)
 b - a +0 hat (worn)
Books
 c - a book of Minor Magic

   Spells                             Type                      Level
   a - Magic Dart                     Conjuration                  1
   b - Blink                          Translocation                2
   c - Call Imp                       Summoning                    2
   d - Slow                           Hexes                        2
   e - Conjure Flame                  Conjuration/Fire             3
   f - Mephitic Cloud                 Conjuration/Poison/Air       3


   Skills:
 - Level 1.5 Dodging
 - Level 1.5 Stealth
 - Level 4.0 Spellcasting
 + Level 2.7 Conjurations
 - Level 0.7 Summonings
 - Level 0.7 Translocations


You had 3 spell levels left.
You knew the following spells:

 Your Spells              Type           Power        Failure   Level  Hunger
a - Magic Dart            Conj           ##..         4%          1    N/A
b - Call Imp              Summ           #.......     17%         2    N/A
c - Blink                 Tloc           N/A          17%         2    N/A
d - Slow                  Hex            #.......     22%         2    N/A

Dungeon Overview and Level Annotations

Branches:
Dungeon (2/15)

Altars:

Annotations:
D:3 Robin


Innate Abilities, Weirdness & Mutations

You do not eat or drink.
Your flesh is vulnerable to fire.
You are immune to poison.
Your flesh is cold resistant. (rC+)
You are immune to negative energy. (rN+++)
You are immune to unholy pain and torment.
You can survive without breathing.


Message History

The magic dart hits the goblin.
The goblin is heavily wounded.
The hobgoblin hits you.
* * * LOW HITPOINT WARNING * * *
The goblin hits you with a dagger.
* * * LOW HITPOINT WARNING * * *
Unknown command.
Okay, then.
You aren't carrying any items that you can evoke.
You are too injured to fight recklessly!
You are too injured to fight recklessly!
You are too injured to fight recklessly!
Unknown command.
Unknown command.
Throwing (i - inventory):
e - 27 stones (quivered)
Press: ? - help, Shift-Dir - straight line, f/p - goblin
Aim: a goblin, wielding a dagger (heavily wounded)
You throw a stone. The stone barely misses the goblin. x2
The hobgoblin hits you.
You die...

..... .... #..#
#..#
#.#######.g###
.#............#
.....ggg....#.#
##s########.#


..ggggg@gg.(# ...########.# #.# #.# #.# ..# #.# #. You could see a giant
cockroach, 2 hobgoblins and 5 goblins.

Vanquished Creatures
  An adder (D:2)
  An ooze (D:1)
  2 bats
  3 giant cockroaches
  3 goblins
  5 hobgoblins
  A jackal (D:1)
  2 kobolds
  2 frilled lizards (D:1)
  7 rats
27 creatures vanquished.

Vanquished Creatures (collateral kills)
  2 jackals (D:1)
2 creatures vanquished.

Grand Total: 29 creatures vanquished

Notes
Turn   | Place    | Note
-------+----------+-------------------------------------------
     0 | D:1      | mutilus the Mummy Wizard began the quest for the Orb.
     0 | D:1      | Reached XP level 1. HP: 13/13 MP: 5/5
     4 | D:1      | Reached skill level 1 in Conjurations
   459 | D:1      | Reached XP level 2. HP: 19/19 MP: 4/7
   817 | D:1      | Learned a level 2 spell: Call Imp
   820 | D:1      | Learned a level 2 spell: Blink
   823 | D:1      | Learned a level 2 spell: Slow
  1678 | D:2      | Reached XP level 3. HP: 24/24 MP: 1/8
  1863 | D:2      | You fall through a shaft!
  1869 | D:3      | Noticed Robin
  1887 | D:3      | HP: 1/24 [goblin/dagger[Robin] (2)]
  1888 | D:3      | Slain by a hobgoblin

Skill      XL: |  1  2 |
---------------+-------+-----
Conjurations   | 1 2 |  2.7
Dodging        | |  1.5
Stealth        | |  1.5
Spellcasting   | |  4.0
Summonings     | |  0.7
Translocations | |  0.7

Action                   || total
-------------------------++-------
Melee: Club              ||     6
Throw: Stone             ||     7
 Cast: Magic Dart        ||    83
       Call Imp          ||     3
  Use: Scroll            ||     2
Armor: Robe              ||    10
Dodge: Dodged            ||    41
